AoeStats
← Tandel

Migration

510009198Analyzed
1v1 RM · 5d ago on Sep 29, 2026· 52m 55s· 2 players
Game mode
Random Map
Map size
132×132
Population
200
Speed
Normal
Resources
Standard
Victory
Conquest
Starting age
Dark Age
Ending age
Imperial Age
RankedLock teamsTeams togetherTeam positionsShared explorationLock speedFull tech treeHidden civsTurbo modeCheats
Victory
Defeat
🇺🇸 Varangians · United States
807
+16
🇨🇱 Khitans · Chile
811
-16
Tandel
8:50 Loom
12:49 Feudal Age
14:14 Fishing Lines
17:58 Castle Age
17:29 Double-Bit Axe
18:58 Squires
18:22 Pikeman
20:14 Bow Saw
20:55 Horse Collar
21:11 Gold Mining
23:00 Forging
22:45 Arson
24:05 Scale Mail Armor
24:42 Iron Casting
25:05 Heavy Plow
25:03 Fletching
25:38 Husbandry
26:07 Stone Mining
27:45 Wheelbarrow
26:56 Town Watch
27:37 Scale Barding Armor
27:50 Chain Mail Armor
29:23 Bloodlines
29:37 Bodkin Arrow
30:16 Town Patrol
31:55 Chain Barding Armor
31:42 Murder Holes
31:49 Guard Tower
32:47 Hand Cart
32:41 Gillnets
33:04 Vendel Legacy
35:02 Ballistics
38:02 Imperial Age
40:06 Blast Furnace
39:37 Plate Mail Armor
39:43 Plate Barding Armor
39:09 Bracer
40:13 Medium Warships
40:20 Elite Varangian Guard
41:43 Halberdier
42:16 Light Cavalry
43:36 Masonry
44:45 Hussar
47:11 Elite Jarl
hisoka
10:17 Feudal Age
11:11 Double-Bit Axe
21:08 Castle Age
23:03 Forging
26:18 Wheelbarrow
25:43 Gold Mining
26:33 Iron Casting
26:06 Husbandry
26:50 Pikeman
31:40 Domestication
34:15 Stone Mining
35:21 Scale Mail Armor
36:26 Loom
39:14 Imperial Age
38:10 Squires
44:30 Elite Steppe Lancer
Connection lost

Rejoining the realm…

Still unreachable

The connection could not be restored.

Session expired

The server has moved on; the page needs a fresh start.